Map: Automaton LE

Players

Lambo - Winner!

  • Race: Zerg Zerg
  • League: Master
  • Spawn Location: 9:00

Bly

  • Race: Zerg Zerg
  • League: Grandmaster
  • Spawn Location: 3:00

VOD

Have the link to the VOD?

Description

Time

  • Played on: Jan. 12, 2019, 8:34 a.m.
  • Length: 7:56
Show
View Real Time Build Order
Export as new Build Order

Lambo Zerg - Winner!

Build Orders: Hatch First 

Get SALT Encoding   

  12  0:00  Drone  
  13  0:13  Overlord  
  13  0:18  Drone  
  14  0:31  Drone x2  
  16  0:50  Hatchery  
  16  0:52  Drone  
  16  0:57  Drone  
  16  1:00  Drone  
  18  1:11  Extractor  
  18  1:15  Spawning Pool  
  16  1:18  Drone  
  16  1:22  Drone  
  18  1:29  Drone  
  20  1:40  Drone  
  20  1:50  Drone  
  21  2:01  Queen  
  21  2:02  Queen, Overlord, Drone  
  26  2:12  Metabolic Boost  
  26  2:14  Drone x2  
  28  2:23  Drone  
  28  2:24  Drone  
  30  2:35  Zergling x4  
  32  2:40  Hatchery  
  31  2:45  Drone  
  31  2:48  Baneling Nest  
  31  2:50  Drone  
  32  2:55  Overlord  
  32  2:56  Drone  
  33  3:07  Drone  
  33  3:09  Drone x2  
  36  3:14  Drone x2  
  36  3:15  Drone  
  36  3:17  Zergling x4  
  36  3:19  Overlord  
  41  3:29  Zergling x2  
  41  3:30  Queen  
  41  3:33  Baneling x2  
  44  3:37  Drone x2  
  44  3:38  Evolution Chamber  
  44  3:39  Overlord  
  45  3:41  Drone  
  45  3:43  Drone  
  45  3:46  Drone  
  48  3:49  Drone x2  
  48  3:54  Drone  
  51  3:58  Extractor  
  51  3:59  Extractor  
  49  4:04  Roach Warren, Drone x4  
  52  4:10  Drone x2  
  52  4:15  Drone x2  
  52  4:17  Drone  
  57  4:21  Drone x2  
  58  4:25  Overlord  
  58  4:29  Overlord  
  58  4:31  Overlord  
  58  4:33  Overlord  
  58  4:44  Roach x5  
  67  4:49  Roach x3  
  67  4:52  Roach  
  75  4:56  Roach x2  
  75  4:59  Roach x2  
  83  5:03  Roach  
  84  5:09  Roach x2  
  84  5:10  Overlord  
  84  5:13  Overlord  
  84  5:14  Zergling x2  
  89  5:18  Overlord  
  89  5:19  Zergling x4  
  91  5:22  Ravager  
  91  5:23  Ravager x2  
  91  5:25  Zergling x6  
  91  5:28  Zergling x4  
  99  5:33  Zergling x8  
  99  5:36  Zergling x4  
  99  5:41  Ravager  
  99  5:42  Zergling x4  
  104  5:49  Zergling x6  
  107  5:53  Zergling x10  
  112  5:59  Zergling x8  
  106  6:05  Zergling x6  
  106  6:09  Zergling x2  
  101  6:11  Ravager  
  101  6:13  Zergling x2  
  101  6:17  Zergling x2  
  96  6:18  Zergling x2  
  96  6:22  Zergling x8  
  96  6:25  Ravager  
  99  6:27  Zergling x2  
  99  6:33  Zergling x4  
  99  6:37  Zergling x2  
  93  6:41  Zergling x12  
  93  6:43  Zergling x2  
  93  6:50  Zergling x2  
  83  6:55  Roach x2  
  83  7:00  Roach  
  79  7:03  Roach  
  79  7:06  Roach x4  
  79  7:08  Ravager, Baneling  
  90  7:09  Ravager  
  90  7:11  Roach x3  
  90  7:12  Ravager  
  90  7:15  Roach, Zergling x2  
  95  7:24  Roach x2  
  95  7:28  Roach x5  
  108  7:37  Zergling x12  
Show
View Real Time Build Order
Export as new Build Order

Bly Zerg 

Build Orders: Hatch First 

Get SALT Encoding   

  12  0:02  Drone  
  13  0:13  Overlord  
  13  0:18  Drone  
  14  0:31  Drone x2  
  16  0:49  Hatchery  
  15  0:52  Drone  
  15  0:56  Drone  
  17  0:59  Drone  
  18  1:11  Extractor  
  18  1:15  Spawning Pool  
  16  1:19  Drone  
  16  1:22  Drone  
  18  1:28  Drone  
  19  1:39  Drone  
  20  1:50  Drone  
  21  2:01  Overlord  
  21  2:02  Queen x2, Drone  
  26  2:12  Drone x2  
  26  2:15  Metabolic Boost  
  28  2:22  Drone  
  29  2:24  Drone  
  30  2:36  Hatchery  
  29  2:39  Drone  
  29  2:42  Drone  
  31  2:50  Baneling Nest  
  30  2:53  Overlord  
  30  2:56  Drone x2  
  32  3:00  Drone  
  33  3:07  Zergling x4  
  33  3:10  Overlord  
  35  3:13  Drone  
  35  3:14  Drone  
  35  3:15  Drone  
  35  3:17  Drone  
  35  3:19  Drone  
  40  3:26  Queen  
  42  3:36  Baneling x2  
  42  3:37  Drone x4  
  46  3:41  Overlord  
  46  3:45  Drone x3  
  49  3:50  Zergling x4  
  49  3:52  Evolution Chamber  
  50  3:56  Overlord  
  50  3:58  Extractor  
  50  3:59  Extractor  
  50  4:00  Drone x2  
  50  4:07  Lair, Drone  
  50  4:08  Drone  
  52  4:10  Drone  
  52  4:12  Drone x2  
  55  4:23  Drone x4  
  58  4:27  Overlord  
  58  4:32  Drone x4  
  62  4:41  Extractor, Drone x3  
  63  4:50  Roach Warren, Zergling x2  
  63  4:51  Zergling x4  
  65  4:55  Drone  
  65  4:59  Overlord  
  66  5:02  Drone x2  
  66  5:03  Baneling x2  
  66  5:04  Baneling x2  
  68  5:08  Overlord  
  68  5:11  Spire  
  68  5:14  Drone x2  
  69  5:17  Extractor  
  69  5:18  Extractor  
  67  5:24  Overlord, Spine Crawler  
  67  5:25  Spine Crawler  
  67  5:30  Roach  
  67  5:31  Roach x9  
  67  5:33  Baneling x3  
  85  5:36  Roach  
  85  5:37  Zergling x6  
  85  5:40  Baneling x2  
  85  5:42  Roach  
  94  5:43  Roach  
  94  5:48  Roach x2  
  98  5:50  Roach  
  98  5:51  Zergling x4  
  93  6:11  Roach x6  
  95  6:20  Roach x2  
  95  6:23  Roach  
  97  6:27  Queen x2  
  97  6:29  Queen  
  97  6:30  Zergling x4  
  103  6:35  Zergling x4  
  85  6:42  Zergling x4  
  85  6:46  Roach  
  82  6:51  Zergling x2  
  66  6:57  Roach  
  66  6:58  Roach  
  60  7:03  Queen x2  
  57  7:12  Roach x3  
  57  7:18  Roach x3  
  57  7:19  Queen  
  60  7:28  Roach x3  
Tags
 
Add a new tag
Caveats
  • Supply blocks, unpowered buildings, or Contaminate may cause inaccurate times.
  • Supply counts are checked every 10 seconds.